PL
ATLANTA SMOKE @ TOLEDO TITANS
06/06/2019
 
TOP OF THE 1ST
Atlanta Smoke batting - Pitching for Toledo Titans : RHP Edwin Ellis
Pitching: RHP Edwin Ellis
Batting: RHB Nathan Horton 0-0: SINGLE (Line Drive, 34)
Batting: LHB Mike Blue 0-0: Ball
1-0: Ball
2-0: Called Strike
2-1: Fly out, F7 (Flyball, 7M)
Batting: RHB Bob Campbell 0-0: Called Strike
0-1: Ball
1-1: Ball
2-1: Ball
3-1: Swinging Strike
3-2: Base on Balls
Nathan Horton to second
Batting: LHB Albert Morán 0-0: Foul Ball, location: 2F
0-1: Fly out, F8 (Flyball, 89S)
Batting: LHB Armando Esparza 0-0: Called Strike
0-1: SINGLE (Groundball, 4MD)
Nathan Horton to third
Bob Campbell to second
Runner from 3rd tries for Home, SAFE, throw made home
Bob Campbell to third
Armando Esparza to second
Batting: RHB Nate Cates 0-0: Ball
1-0: Called Strike
1-1: Ball
2-1: Foul Ball, location: 2F
2-2: Foul Ball, location: 2F
2-2: Strikes out looking
Top of the 1st over - 1 run(s), 2 hit(s), 0 error(s), 2 left on base; Atlanta 1 - Toledo 0
BOTTOM OF THE 1ST
Toledo Titans batting - Pitching for Atlanta Smoke : RHP Stuart Lee
Pitching: RHP Stuart Lee
Batting: RHB Luis Mendoza 0-0: Called Strike
0-1: Called Strike
0-2: Ball
1-2: Ball
2-2: Strikes out swinging
Batting: RHB Robbie Roach 0-0: Bunt for hit - play at first, batter OUT! 1-3
Batting: LHB Michael Neely 0-0: Called Strike
0-1: Swinging Strike
0-2: Ball
1-2: Ground out 4-3 (Groundball, 4)
Bottom of the 1st over - 0 run(s), 0 hit(s), 0 error(s), 0 left on base; Atlanta 1 - Toledo 0
TOP OF THE 2ND
Atlanta Smoke batting - Pitching for Toledo Titans : RHP Edwin Ellis
Batting: RHB Mal Bussard 0-0: Ball
1-0: Called Strike
1-1: DOUBLE (Line Drive, 7LD)
Batting: RHB Leandro Tuzzi 0-0: Ball
1-0: Swinging Strike
1-1: Ground out 3-1 (Groundball, 34)
Mal Bussard to third
Batting: SHB Stuart Lee 0-0: SINGLE (Line Drive, 89S)
Mal Bussard scores
Batting: RHB Nathan Horton 0-0: Called Strike
0-1: Ball
1-1: Ball
2-1: Fly out, F7 (Flyball, 7LMF)
Batting: LHB Mike Blue 0-0: DOUBLE (Line Drive, 5D)
Stuart Lee to third
Batting: RHB Bob Campbell 0-0: Foul Ball, location: 2F
0-1: Foul Ball, location: 2F
0-2: Foul Ball, location: 2F
0-2: Ball
Wild Pitch!
Stuart Lee scores
Mike Blue to third
1-2: Ball
2-2: Foul Ball, location: 2F
2-2: Ground out 5-3 (Groundball, 56)
Top of the 2nd over - 2 run(s), 3 hit(s), 0 error(s), 1 left on base; Atlanta 3 - Toledo 0
BOTTOM OF THE 2ND
Toledo Titans batting - Pitching for Atlanta Smoke : RHP Stuart Lee
Batting: RHB Enrique Pérez 0-0: Fly out, F8 (Flyball, 8LS)
Batting: LHB Pedro Willis 0-0: Ball
1-0: Called Strike
1-1: SOLO HOME RUN (Flyball, 9D), Distance : 408 ft
Batting: RHB Casey Washington 0-0: Ball
1-0: Ground out 6-3 (Groundball, 6M)
Batting: RHB Brad Brown 0-0: Ball
1-0: SINGLE (Flyball, 7S)
Batting: RHB Harris Harden 0-0: Called Strike
0-1: Called Strike
0-2: Strikes out swinging
Bottom of the 2nd over - 1 run(s), 2 hit(s), 0 error(s), 1 left on base; Atlanta 3 - Toledo 1
TOP OF THE 3RD
Atlanta Smoke batting - Pitching for Toledo Titans : RHP Edwin Ellis
Batting: LHB Albert Morán 0-0: Fly out, F9 (Flyball, 9D)
Batting: LHB Armando Esparza 0-0: Ball
1-0: Foul Ball, location: 2F
1-1: Swinging Strike
1-2: Fly out, F6 (Popup, 6MD)
Batting: RHB Nate Cates 0-0: Ball
1-0: SOLO HOME RUN (Flyball, 7D), Distance : 398 ft
Batting: RHB Mal Bussard 0-0: Foul Ball, location: 2F
0-1: Foul Ball, location: 2F
0-2: Ball
1-2: Ball
2-2: Ball
3-2: Base on Balls
Batting: RHB Leandro Tuzzi 0-0: Ball
1-0: Ball
2-0: Swinging Strike
2-1: Foul Ball, location: 2F
2-2: Strikes out swinging
Top of the 3rd over - 1 run(s), 1 hit(s), 0 error(s), 1 left on base; Atlanta 4 - Toledo 1
BOTTOM OF THE 3RD
Toledo Titans batting - Pitching for Atlanta Smoke : RHP Stuart Lee
Batting: RHB Edwin Ellis 0-0: Called Strike
0-1: SINGLE (Line Drive, 6)
Batting: RHB Luis Mendoza 0-0: Foul Ball, location: 2F
0-1: Called Strike
0-2: Strikes out swinging
Batting: RHB Robbie Roach 0-0: Ball
1-0: Foul Ball, location: 2F
1-1: SINGLE (Line Drive, 9LS)
Edwin Ellis to second
Batting: LHB Michael Neely 0-0: Ball
1-0: Ground out 4-3 (Groundball, 4M)
Edwin Ellis to third
Robbie Roach to second
Batting: RHB Enrique Pérez 0-0: Called Strike
0-1: Ball
1-1: Fly out, F3 (Popup, 3SF)
Bottom of the 3rd over - 0 run(s), 2 hit(s), 0 error(s), 2 left on base; Atlanta 4 - Toledo 1
TOP OF THE 4TH
Atlanta Smoke batting - Pitching for Toledo Titans : RHP Edwin Ellis
Batting: SHB Stuart Lee 0-0: Called Strike
0-1: Foul Ball, location: 2F
0-2: Ground out 6-3 (Groundball, 6)
Batting: RHB Nathan Horton 0-0: Ball
1-0: Ball
2-0: Foul Ball, location: 2F
2-1: Ball
3-1: Foul Ball, location: 2F
3-2: Ground out 5-3 (Groundball, 15S)
Batting: LHB Mike Blue 0-0: Called Strike
0-1: Ball
1-1: Ground out 6-3 (Groundball, 6)
Top of the 4th over - 0 run(s), 0 hit(s), 0 error(s), 0 left on base; Atlanta 4 - Toledo 1
BOTTOM OF THE 4TH
Toledo Titans batting - Pitching for Atlanta Smoke : RHP Stuart Lee
Batting: LHB Pedro Willis 0-0: Ball
1-0: Ball
2-0: Ball
3-0: Called Strike
3-1: Base on Balls
Batting: RHB Casey Washington 0-0: Ball
1-0: Ball
2-0: Called Strike
2-1: Ground out 5-3 (Groundball, 56S)
Pedro Willis to second
Batting: RHB Brad Brown 0-0: Ground out 6-3 (Groundball, 6D)
Batting: RHB Harris Harden 0-0: Swinging Strike
0-1: Ball
1-1: SINGLE (Flyball, 78S)
Pedro Willis to third
Runner from 3rd tries for Home, SAFE, throw made home
Harris Harden to second
Batting: RHB Edwin Ellis 0-0: Called Strike
0-1: Ball
1-1: Ground out 4-3 (Groundball, 4M)
Bottom of the 4th over - 1 run(s), 1 hit(s), 0 error(s), 1 left on base; Atlanta 4 - Toledo 2
TOP OF THE 5TH
Atlanta Smoke batting - Pitching for Toledo Titans : RHP Edwin Ellis
Batting: RHB Bob Campbell 0-0: Swinging Strike
0-1: Ball
1-1: Called Strike
1-2: Ball
2-2: Strikes out swinging
Batting: LHB Albert Morán 0-0: Called Strike
0-1: Ball
1-1: Foul Ball, location: 2F
1-2: Foul Ball, location: 2F
1-2: Strikes out swinging
Batting: LHB Armando Esparza 0-0: Ball
1-0: SINGLE (Flyball, 89S)
Batting: RHB Nate Cates 0-0: Fly out, F2 (Popup, 2R)
Top of the 5th over - 0 run(s), 1 hit(s), 0 error(s), 1 left on base; Atlanta 4 - Toledo 2
BOTTOM OF THE 5TH
Toledo Titans batting - Pitching for Atlanta Smoke : RHP Stuart Lee
Batting: RHB Luis Mendoza 0-0: Ball
1-0: Fly out, F3 (Popup, 3L)
Batting: RHB Robbie Roach 0-0: Ball
1-0: Fly out, F4 (Popup, 3D)
Batting: LHB Michael Neely 0-0: Ball
1-0: Ball
2-0: Called Strike
2-1: SINGLE (Groundball, 34D)
Batting: RHB Enrique Pérez 0-0: Called Strike
0-1: Ball
1-1: Called Strike
1-2: Fly out, F7 (Flyball, 7D)
Bottom of the 5th over - 0 run(s), 1 hit(s), 0 error(s), 1 left on base; Atlanta 4 - Toledo 2
TOP OF THE 6TH
Atlanta Smoke batting - Pitching for Toledo Titans : RHP Edwin Ellis
Batting: RHB Mal Bussard 0-0: DOUBLE (Flyball, 9D)
Batting: RHB Leandro Tuzzi 0-0: Called Strike
0-1: SINGLE (Groundball, 34D)
Mal Bussard to third
Batting: SHB Stuart Lee 0-0: Sac Bunt - play at first, batter OUT! 1-4
Leandro Tuzzi to second
Batting: RHB Nathan Horton 0-0: Swinging Strike
0-1: Ball
1-1: Ball
2-1: Foul Ball, location: 2F
2-2: Fly out, F7 (Flyball, 78XD)
Runner from 3rd tags up, SCORES, no throw
Leandro Tuzzi to third
Batting: LHB Mike Blue 0-0: Ball
1-0: Ball
2-0: Ball
3-0: Called Strike
3-1: SINGLE (Groundball, 4MD)
Leandro Tuzzi scores
Pitching: RHP Adrián Ramos
Batting: RHB Bob Campbell 0-0: Ball
1-0: Called Strike
1-1: DOUBLE (Line Drive, 7LD)
Mike Blue to third
Batting: LHB Albert Morán 0-0: Ball
1-0: Foul Ball, location: 2F
1-1: Ball
2-1: Swinging Strike
2-2: Ball
Wild Pitch!
Mike Blue scores
Bob Campbell to third
3-2: Foul Ball, location: 2F
3-2: Foul Ball, location: 2F
3-2: Base on Balls
Batting: LHB Armando Esparza 0-0: Ball
1-0: Ball
2-0: Fly out, F7 (Line Drive, 7M)
Top of the 6th over - 3 run(s), 4 hit(s), 0 error(s), 2 left on base; Atlanta 7 - Toledo 2
BOTTOM OF THE 6TH
Toledo Titans batting - Pitching for Atlanta Smoke : RHP Stuart Lee
Batting: LHB Pedro Willis 0-0: Called Strike
0-1: Ball
1-1: Swinging Strike
1-2: Ball
2-2: Foul Ball, location: 2F
2-2: Ball
3-2: Fly out, F8 (Flyball, 8RD)
Batting: RHB Casey Washington 0-0: Foul Ball, location: 2F
0-1: Ball
1-1: Fly out, F7 (Flyball, 7S)
Batting: RHB Brad Brown 0-0: Called Strike
0-1: Called Strike
0-2: Ball
1-2: Ball
2-2: Ground out 3-1 (Groundball, 34)
Bottom of the 6th over - 0 run(s), 0 hit(s), 0 error(s), 0 left on base; Atlanta 7 - Toledo 2
TOP OF THE 7TH
Atlanta Smoke batting - Pitching for Toledo Titans : RHP Adrián Ramos
Batting: RHB Nate Cates 0-0: Ball
1-0: Called Strike
1-1: Called Strike
1-2: Foul Ball, location: 2F
1-2: Foul Ball, location: 2F
1-2: Strikes out swinging
Batting: RHB Mal Bussard 0-0: Foul Ball, location: 2F
0-1: Foul Ball, location: 2F
0-2: Ball
1-2: Foul Ball, location: 2F
1-2: Ball
2-2: Ball
3-2: Foul Ball, location: 2F
3-2: Foul Ball, location: 2F
3-2: Ground out 4-3 (Groundball, 34D)
Batting: RHB Leandro Tuzzi 0-0: Called Strike
0-1: Ball
1-1: Called Strike
1-2: Strikes out swinging
Top of the 7th over - 0 run(s), 0 hit(s), 0 error(s), 0 left on base; Atlanta 7 - Toledo 2
BOTTOM OF THE 7TH
Toledo Titans batting - Pitching for Atlanta Smoke : RHP Stuart Lee
Now at 2B: Stan Hughes
Batting: RHB Harris Harden 0-0: Called Strike
0-1: Ball
1-1: Ball
2-1: Ball
3-1: DOUBLE (Flyball, 78D)
Pinch Hitting: SHB Mustapha Gonzales 0-0: Called Strike
0-1: Called Strike
0-2: Strikes out swinging
Batting: RHB Luis Mendoza 0-0: Ball
1-0: Ball
2-0: Foul Ball, location: 2F
2-1: Called Strike
2-2: Foul Ball, location: 2F
2-2: Ball
3-2: Foul Ball, location: 2F
3-2: Foul Ball, location: 2F
3-2: Ground out 1-3 (Groundball, 13)
Harris Harden to third
Batting: RHB Robbie Roach 0-0: Ball
1-0: Called Strike
1-1: 2-RUN HOME RUN (Flyball, 7LD), Distance : 373 ft
Batting: LHB Michael Neely 0-0: Ball
1-0: Ball
2-0: SOLO HOME RUN (Flyball, 89XD), Distance : 433 ft
Batting: RHB Enrique Pérez 0-0: Ball
1-0: Ball
2-0: Ball
3-0: SINGLE (Line Drive, 89S)
Pitching: LHP Rick Payne
Now at 1B: Scott Forrest
Batting: LHB Pedro Willis 0-0: Called Strike
0-1: Ball
1-1: 2-RUN HOME RUN (Line Drive, 9D), Distance : 387 ft
Batting: RHB Casey Washington 0-0: Ball
1-0: Ball
2-0: Called Strike
2-1: Ball
3-1: Base on Balls
Batting: RHB Brad Brown 0-0: Swinging Strike
0-1: Ground out 6-3 (Groundball, 6)
Bottom of the 7th over - 5 run(s), 5 hit(s), 0 error(s), 1 left on base; Atlanta 7 - Toledo 7
TOP OF THE 8TH
Atlanta Smoke batting - Pitching for Toledo Titans : RHP Adrián Ramos
Pitching: RHP António Lucero
Now at 3B: Sherman Davis
Batting: RHB Scott Forrest 0-0: Ball
1-0: Fly out, F8 (Flyball, 8LD)
Batting: RHB Stan Hughes 0-0: SINGLE (Groundball, 4MD)
Batting: LHB Mike Blue 0-0: Ball
1-0: Called Strike
1-1: Foul Ball, location: 2F
1-2: Foul Ball, location: 2F
1-2: Ball
2-2: Ball
3-2: Base on Balls
Stan Hughes to second
Batting: RHB Bob Campbell 0-0: SINGLE (Groundball, 34S)
Stan Hughes to third
Mike Blue to second
Runner from 3rd tries for Home, SAFE, no throw or cutoff
Batting: LHB Albert Morán 0-0: Foul Ball, location: 2F
0-1: Ball
1-1: Ball
2-1: Called Strike
2-2: Ground out 3-1 (Groundball, 34)
Mike Blue to third
Bob Campbell to second
Batting: LHB Armando Esparza 0-0: Ball
1-0: Foul Ball, location: 2F
1-1: Ball
2-1: Foul Ball, location: 2F
2-2: Foul Ball, location: 2F
2-2: Ball
3-2: Foul Ball, location: 2F
3-2: Foul Ball, location: 2F
3-2: Foul Ball, location: 2F
3-2: Base on Balls
Pinch Hitting: RHB Russell Jackson 0-0: TRIPLE (Flyball, 7D)
Mike Blue scores
Bob Campbell scores
Armando Esparza scores
Pitching: RHP Raúl Cavazos
Batting: RHB Mal Bussard 0-0: Called Strike
0-1: SINGLE (Line Drive, 7LS)
Russell Jackson scores
Batting: RHB Leandro Tuzzi 0-0: Foul Ball, location: 2F
0-1: Called Strike
0-2: Fielders Choice at 2nd, 6-4 (Groundball, 6)
Top of the 8th over - 5 run(s), 4 hit(s), 0 error(s), 0 left on base; Atlanta 12 - Toledo 7
BOTTOM OF THE 8TH
Toledo Titans batting - Pitching for Atlanta Smoke : LHP Rick Payne
Pitching: RHP Fred Pitts
Batting: RHB Harris Harden 0-0: Ball
1-0: Ball
2-0: Ball
3-0: Called Strike
3-1: Foul Ball, location: 2F
3-2: Base on Balls
Batting: RHB Sherman Davis 0-0: Called Strike
0-1: Called Strike
0-2: Grounds into double play, 6-4-3 (Groundball, 6)
Batting: RHB Luis Mendoza 0-0: Called Strike
0-1: Called Strike
0-2: Ball
1-2: Strikes out looking
Bottom of the 8th over - 0 run(s), 0 hit(s), 0 error(s), 0 left on base; Atlanta 12 - Toledo 7
TOP OF THE 9TH
Atlanta Smoke batting - Pitching for Toledo Titans : RHP Raúl Cavazos
Batting: RHB Scott Forrest 0-0: Called Strike
0-1: Called Strike
0-2: Ball
1-2: DOUBLE (Flyball, 8LXD)
Batting: RHB Stan Hughes 0-0: Called Strike
0-1: Fly out, F8 (Flyball, 8LM)
Batting: LHB Mike Blue 0-0: Ball
1-0: Ground out 6-3 (Groundball, 6)
Batting: RHB Bob Campbell 0-0: Ball
1-0: Called Strike
1-1: Foul Ball, location: 2F
1-2: DOUBLE (Flyball, 7LD)
Scott Forrest scores
Batting: LHB Albert Morán 0-0: Ball
1-0: Ball
2-0: Called Strike
2-1: Foul Ball, location: 2F
2-2: Ball
3-2: SINGLE (Groundball, 34D) (infield hit)
Bob Campbell to third
Batting: LHB Armando Esparza 0-0: Called Strike
0-1: DOUBLE (Line Drive, 5D)
Bob Campbell scores
Albert Morán to third
Runner from 3rd tries for Home, SAFE, no throw or cutoff
Pinch Hitting: LHB Cristián Baca 0-0: Ball
1-0: Fly out, F8 (Flyball, 8RM)
Top of the 9th over - 3 run(s), 4 hit(s), 0 error(s), 1 left on base; Atlanta 15 - Toledo 7
BOTTOM OF THE 9TH
Toledo Titans batting - Pitching for Atlanta Smoke : RHP Fred Pitts
Pitching: RHP Josef van der Poel
Batting: RHB Robbie Roach 0-0: Ball
1-0: Swinging Strike
1-1: Foul Ball, location: 2F
1-2: Ball
2-2: Foul Ball, location: 2F
2-2: Ball
3-2: Base on Balls
Batting: LHB Michael Neely 0-0: Ball
1-0: Foul Ball, location: 2F
1-1: DOUBLE (Line Drive, 3L)
Robbie Roach to third
Runner from 3rd tries for Home, SAFE, throw made home
Batting: RHB Enrique Pérez 0-0: Ground out 6-3 (Groundball, 56)
Batting: LHB Pedro Willis 0-0: Called Strike
0-1: Ball
1-1: Ball
2-1: Ball
3-1: Swinging Strike
3-2: Foul Ball, location: 2F
3-2: Foul Ball, location: 2F
3-2: Foul Ball, location: 2F
3-2: Foul Ball, location: 2F
3-2: Base on Balls
Pinch Hitting: RHB Don Brown 0-0: Called Strike
0-1: Ground out 6-3 (Groundball, 6MS)
Michael Neely to third
Pedro Willis to second
Batting: RHB Brad Brown 0-0: Fly out, F5 (Popup, 5F)
Bottom of the 9th over - 1 run(s), 1 hit(s), 0 error(s), 2 left on base; Atlanta 15 - Toledo 8
This league is powered by Out of the Park Baseball, the baseball management simulation game for PC, Mac and Linux
Saturday, July 25th, 2015 - OOTP Baseball 15.6 Build 34